 Dungeon Crawl Stone Soup version 0.31-a0-564-g3b7de120b3 (webtiles) character file.

Game seed: 3815920473855799391

4188 randomguy2701 the Thaumaturge (level 10, -3/50 HPs)
             Began as a Deep Elf Necromancer on Aug 17, 2023.
             Was an Initiate of Sif Muna.
             Slain by a vampire (9 damage)
             ... on level 9 of the Dungeon.
             The game lasted 00:29:38 (8642 turns).

randomguy2701 the Thaumaturge (DENe)                Turns: 8642, Time: 00:29:39

Health: -3/50      AC:  4    Str:  5    XL:     10   Next: 8%
Magic:  20/28      EV: 18    Int: 25    God:    Sif Muna [......]
Gold:   334        SH:  0    Dex: 21    Spells: 30/34 levels left

rFire   + . .        y - +1 orcbow
rCold   . . .        (shield currently unavailable)
rNeg    . . .        j - +1 robe "Virav" {Will+}
rPois   .            K - +0 helmet
rElec   .            (no cloak)
rCorr   .            (no gloves)
SInv    .            (no boots)
Will    ++...        p - amulet of magic regeneration
Stlth   +++          r - +6 ring of dexterity
HPRegen 0.28/turn    s - ring of protection from fire
MPRegen 0.61/turn

%: no passive effects
@: no status effects
A: no striking features
a: Renounce Religion


You were on level 9 of the Dungeon.
You worshipped Sif Muna.
Sif Muna was noncommittal.
You visited 2 branches of the dungeon, and saw 10 of its levels.
You also visited: Sewer.

You collected 334 gold pieces.

Inventory:

Hand Weapons
 a - a +0 hand axe of electrocution
 y - a +1 orcbow (weapon)
Missiles
 z - 2 throwing nets
Armour
 j - the +1 robe "Virav" (worn) {Will+}
   (You found it on level 2 of the Dungeon)

   Will+:     It increases your willpower.
 K - a +0 helmet (worn)
Jewellery
 p - an amulet of magic regeneration (around neck)
 r - a +6 ring of dexterity (left hand)
 s - a ring of protection from fire (right hand)
 A - a ring of resist corrosion
 B - a ring of protection from fire
 C - a ring of fire
 E - an amulet of the acrobat
 O - a ring of positive energy
Wands
 e - a wand of roots (13)
 k - a wand of flame (17)
 G - a wand of polymorph (2)
 L - a wand of paralysis (9)
 N - a wand of mindburst (6)
Scrolls
 c - 2 scrolls of amnesia
 h - a scroll of identify
 i - a scroll of noise
 m - a scroll of immolation {unknown}
 o - a scroll of teleportation
 q - a scroll of fog
 D - a scroll of brand weapon {unknown}
 H - a scroll of vulnerability {unknown}
 I - 4 scrolls of enchant weapon
 J - a scroll of silence {unknown}
 M - a scroll of revelation {unknown}
Potions
 b - 2 potions of magic
 g - a potion of brilliance
 l - 2 potions of enlightenment
 n - a potion of resistance
 t - 4 potions of mutation
 u - 4 potions of heal wounds {unknown}
 v - 2 potions of attraction {unknown}
 w - a potion of invisibility {unknown}
 x - a potion of haste {unknown}
 F - a potion of degeneration {unknown}


   Skills:
 - Level 3.5 Ranged Weapons
 + Level 7.9 Dodging
 + Level 5.8 Stealth
 - Level 12.9 Spellcasting
 - Level 10.1 Necromancy
 + Level 0.1 Evocations


You had 30 spell levels left.
You knew the following spells:

 Your Spells              Type           Power      Damage    Failure   Level
a - Necrotise             Necr           100%       1d9       1%          1
b - Vampiric Draining     Necr           61%        2d10      1%          3

Your spell library contained the following spells:

 Spells                   Type           Power      Damage    Failure   Level
 Animate Dead             Necr           61%        N/A       1%          4
 Agony                    Necr           61%        N/A       1%          5
 Apportation              Tloc           32%        N/A       3%          1
 Summon Small Mammal      Summ           64%        N/A       3%          1
 Gell's Gravitas          Tloc           16%        N/A       11%         3
 Teleport Other           Tloc           16%        N/A       11%         3
 Dispersal                Tloc           8%         N/A       99%         6


Dungeon Overview and Level Annotations

Branches:
Dungeon (9/15)             Temple (1/1) D:7           Sewer (visited)
   Lair: D:8-11         Orc: D:9-12

Altars:
Ashenzari
Cheibriados
Elyvilon
Fedhas
Hepliaklqana
Kikubaaqudgha
Makhleb
Nemelex Xobeh
Okawaru
Qazlal
Ru
Sif Muna
Trog
Uskayaw
Vehumet
Wu Jian
Xom
Yredelemnul
Zin
The Shining One

Shops:
D:7 !

Annotations:
D:5 Eustachio
Temple 4 transporters


Message History

Fire: y) +1 orcbow
Press: ? - help, Q - select action, (/) - cycle Shift-Dir - straight line You shoot an arrow.
Fire: y) +1 orcbow
Press: ? - help, Q - select action, (/) - cycle Shift-Dir - straight line You shoot an arrow.
Something hits you! Something bites you but does no damage.
Casting: Necrotise (safe; 1% risk of failure)
Confirm with . or Enter, or press ? or * to list all spells.
Aiming: Vampiric Draining (safe; 1% risk of failure)
Press: ? - help, Shift-Dir - straight line Nothing appears to happen.
Something hits you! Something bites you.
Something draws strength from your injuries!
Casting: Vampiric Draining (safe; 1% risk of failure)
Confirm with . or Enter, or press ? or * to list all spells.
Aiming: Vampiric Draining (safe; 1% risk of failure)
Press: ? - help, Shift-Dir - straight line Nothing appears to happen.
Something hits you but does no damage. Something misses you.
Casting: Vampiric Draining (safe; 1% risk of failure)
Confirm with . or Enter, or press ? or * to list all spells.
Aiming: Vampiric Draining (safe; 1% risk of failure)
Press: ? - help, Shift-Dir - straight line Nothing appears to happen.
Something barely misses you. Something bites you!
Something draws strength from your injuries!
Casting: Vampiric Draining (safe; 1% risk of failure)
Confirm with . or Enter, or press ? or * to list all spells.
Aiming: Vampiric Draining (safe; 1% risk of failure)
Press: ? - help, Shift-Dir - straight line Nothing appears to happen.
Something hits you!
* * * LOW HITPOINT WARNING * * *
Something bites you but does no damage.
You shoot an arrow. Something hits you.
* * * LOW HITPOINT WARNING * * *
Something bites you but does no damage.
Aiming: Polymorph
Press: ? - help, Q - select action, (/) - cycle Shift-Dir - straight line Nothing appears to happen.
Something hits you!
You die... ############ #<..@{...... ############

There were no monsters in sight!

Vanquished Creatures
  Pikel (D:7)
  A hornet (D:8)
  Prince Ribbit (D:8)
  Sigmund (D:3)
  Menkaure (D:6)
  A steam dragon (D:8)
  A water moccasin (D:8)
  Duvessa (D:7)
  3 sky beasts (D:7)
  An ice beast (D:7)
  3 black bears
  3 orc warriors
  An ogre (D:4)
  2 lemures (D:7)
  A centaur (D:8)
  3 kobold brigands (Sewer)
  4 bullfrogs
  Blork the orc (D:5)
  3 scorpions
  Dowan (D:7)
  4 killer bees (D:8)
  A howler monkey (D:8)
  3 hounds
  A jelly (D:5)
  An orc priest (D:6)
  3 iguanas
  5 orc wizards
  Robin (D:3)
  10 gnolls
  11 adders
  A shadow imp (D:5)
  A white imp (D:6)
  An ufetubus (D:3)
  4 worms
  2 dart slugs
  15 orcs
  7 endoplasms
  A giant cockroach (Sewer)
  10 goblins
  9 hobgoblins
  5 quokkas
  6 ball pythons
  9 bats
  7 frilled lizards
  12 kobolds
  A rat (D:1)
165 creatures vanquished.

Vanquished Creatures (collateral kills)
  A gnoll (D:5)
  An orc (D:7)
  A ball python (Sewer)
  An endoplasm (D:2)
  A giant cockroach (D:3)
  A kobold (Sewer)
  A rat (D:2)
7 creatures vanquished.

Grand Total: 172 creatures vanquished

Notes
Turn   | Place    | Note
-------+----------+-------------------------------------------
     0 | D:1      | randomguy2701 the Deep Elf Necromancer began the quest for
                  | the Orb.
     0 | D:1      | Reached XP level 1. HP: 10/10 MP: 6/6
   145 | D:1      | Reached skill level 5 in Necromancy
   581 | D:1      | Reached XP level 2. HP: 10/15 MP: 1/8
  1114 | D:2      | Reached XP level 3. HP: 19/19 MP: 3/10
  1174 | D:2      | Learned a level 3 spell: Vampiric Draining
  1224 | D:2      | Identified the +1 robe "Virav" {Will+}
  1468 | D:2      | Reached skill level 4 in Spellcasting
  1468 | D:2      | Reached XP level 4. HP: 24/24 MP: 7/12
  1803 | D:3      | Found a snail-covered altar of Cheibriados.
  1811 | D:3      | Noticed Sigmund
  1818 | D:3      | Killed Sigmund
  1819 | D:3      | Reached skill level 5 in Spellcasting
  1819 | D:3      | Reached XP level 5. HP: 15/28 MP: 3/15
  2103 | D:3      | Reached XP level 6. HP: 32/32 MP: 13/16
  2215 | D:3      | Reached skill level 6 in Spellcasting
  2329 | D:3      | Noticed Robin
  2342 | D:3      | Killed Robin
  2469 | D:3      | Found a faded altar of an unknown god.
  3150 | D:4      | Reached skill level 7 in Spellcasting
  3739 | D:5      | Entered Level 5 of the Dungeon
  3740 | D:5      | Noticed an orc warrior
  3743 | D:5      | Noticed Blork the orc
  3748 | D:5      | Noticed Eustachio
  3749 | D:5      | Reached XP level 7. HP: 31/36 MP: 15/19
  3753 | D:5      | Killed Blork the orc
  4028 | D:5      | Reached skill level 8 in Spellcasting
  4213 | D:5      | Reached XP level 8. HP: 41/41 MP: 20/22
  4690 | D:6      | Found a glowing drain.
  4715 | Sewer    | Entered a sewer
  4836 | Sewer    | Reached skill level 9 in Spellcasting
  5039 | D:6      | Noticed Menkaure
  5413 | D:6      | Noticed a manticore
  5414 | D:6      | Noticed a troll
  5444 | D:6      | Reached skill level 1 in Ranged Weapons
  5513 | D:6      | Killed Menkaure
  6089 | D:7      | Reached skill level 10 in Spellcasting
  6179 | D:7      | Reached XP level 9. HP: 44/45 MP: 12/25
  6208 | D:7      | Reached skill level 10 in Necromancy
  6374 | D:7      | Reached skill level 5 in Dodging
  6374 | D:7      | Reached skill level 5 in Stealth
  6545 | D:7      | Found Xapeocaj's Distillery.
  6545 | D:7      | Found a staircase to the Ecumenical Temple.
  6551 | D:7      | Noticed Pikel
  6559 | D:7      | Killed Pikel
  6560 | D:7      | Reached skill level 11 in Spellcasting
  6678 | D:7      | Reached skill level 12 in Spellcasting
  6749 | D:7      | Noticed Dowan
  6750 | D:7      | Noticed Duvessa
  6757 | D:7      | Killed Duvessa
  6761 | D:7      | Killed Dowan
  7235 | Temple   | Found a transporter.
  7235 | Temple   | Found a transporter.
  7235 | Temple   | Found a transporter.
  7235 | Temple   | Found a transporter.
  7235 | Temple   | Entered the Ecumenical Temple
  7253 | Temple   | Became a worshipper of Sif Muna the Loreminder
  7312 | D:8      | Paralysed by a hornet for 1 turns
  7818 | D:8      | Noticed Prince Ribbit
  7826 | D:8      | Killed Prince Ribbit
  7827 | D:8      | Reached XP level 10. HP: 50/50 MP: 18/28
  7849 | D:8      | Noticed a two-headed ogre
  8642 | D:9      | Slain by a vampire

Illustrated notes

Levels and vault maps discovered:
D:1:      dpeg_arrival_houses_and_road, layout_basic, serial_forest,
          infiniplex_forest_clump_tiny, infiniplex_forest_join,
          infiniplex_forest_clump_small, infiniplex_forest_lined_2,
          infiniplex_forest_corner_1, infiniplex_forest_lined_3_way,
          infiniplex_forest_fountain
D:2:      layout_rooms, st_stairs_14
D:3:      layout_basic, slow_altar_1, basic_ecumenical_altar,
          serial_bayou_crossing, uniq_robin, uniq_sigmund
D:4:      layout_loops_ring
D:5:      layout_basic, sword_in_stone
D:6:      layout_basic, cheibrodos_sewer_entry_sluice, lightli_corner_chamber,
          uniq_menkaure
D:7:      layout_cave_pods, minmay_temple_entry_purple_smoke, serial_shops,
          shop, serial_column_ruins, column_ruins_grid_2,
          column_ruins_open_tiny, column_ruins_grid_4, column_ruins_open_large,
          column_ruins_corridor_dead_end, column_ruins_open_tiny, uniq_pikel,
          uniq_duvessa
D:8:      layout_basic, uniq_prince_ribbit1
D:9:      layout_basic, nicolae_overflow_hidden_temple, orc_0_dummy,
          hellmonk_ghost_big_iron, kennysheep_cluttered_room
Temple:   hellmonk_temple_divided_pantheon

Skill      XL: |  1  2  3  4  5  6  7  8  9 |
---------------+----------------------------+-----
Necromancy     | 5 6 7 8 9 10 | 10.1
Spellcasting   | 4 5 7 8 10 12 | 12.9
Stealth        | 3 4 5 |  5.8
Dodging        | 3 4 7 |  7.9
Ranged Weapons | 3 |  3.5
Evocations     | |  0.1

Action                     |  1- 3 |  4- 6 |  7- 9 | 10-12 || total
---------------------------+-------+-------+-------+-------++-------
  Melee: Unarmed           |     1 |       |       |       ||     1
         Hand axe          |       |     1 |     9 |       ||    10
   Fire: Orcbow            |       |       |    99 |    15 ||   114
   Cast: Necrotise         |    50 |    92 |   164 |     4 ||   310
         Vampiric Draining |       |     2 |    66 |     8 ||    76
  Evoke: Wand              |       |     2 |       |     1 ||     3
    Use: Scroll            |       |     1 |       |    10 ||    11
         Potion            |       |       |     3 |       ||     3
   Stab: Sleeping          |       |       |     1 |       ||     1
 Armour: Robe              |     2 |     2 |    33 |     4 ||    41
  Dodge: Dodged            |     2 |     7 |   116 |     7 ||   132

Table legend: (Time is in decaauts)
 A = Elapsed time spent in this place.
 B = Non-inter-level travel time spent in this place.
 C = Inter-level travel time spent in this place.
 D = Time resting spent in this place.
 E = Time spent auto-exploring this place.
 F = Levels seen in this place.
 G = Mean time per level.
                   A        B        C        D        E       F      G
               +--------+--------+--------+--------+--------+-----+--------+
         Total |   8724 |   8109 |    615 |     37 |   6286 |  11 |  793.1 |
       Dungeon |   8367 |   7788 |    579 |     37 |   6071 |   9 |  929.7 |
        Temple |     36 |      1 |     35 |      0 |      0 |   1 |   36.0 |
         Sewer |    320 |    320 |      0 |      0 |    215 |   1 |  320.0 |
               +--------+--------+--------+--------+--------+-----+--------+

Top non-repeatable levels by time:
     D:7: 1342 daAuts
     D:6: 1221 daAuts
     D:3: 1208 daAuts
     D:8: 1112 daAuts
     D:1: 1005 daAuts
     D:4: 932 daAuts
     D:5: 791 daAuts
     D:2: 735 daAuts
   Sewer: 320 daAuts
  Temple: 36 daAuts
     D:9: 17 daAuts
